[Event "Titled Tuesday Blitz October 18 Late 2022"]
[White "Kowalysko, Roman"]
[Black "Ansh M Shah"]
[WhiteFideId "30918510"]
[BlackFideId "25033379"]
[WhiteElo "2141"]
[BlackElo "2084"]
[Result "0-1"]
[Round "06"]
[TimeControl "180+1"]
[Date "2022.10.19"]
[WhiteClock "0:00:02"]
[BlackClock "0:00:17"]

1. e4 c6 2. Nf3 d5 3. exd5 cxd5 4. Ne5 Nc6 5. d4 Nf6 6. c3 e6 7. f4 Nxe5 8. fxe5 Ne4 9. Bd3 Qh4+ 10. g3 Nxg3 11. hxg3 Qxh1+ 12. Bf1 Qe4+ 13. Be2 Bd7 14. Nd2 Qg6 15. Nf1 Be7 16. Bd3 f5 17. Bf4 Bg5 18. Qd2 h6 19. O-O-O Bxf4 20. gxf4 Qf7 21. Ne3 g5 22. Rf1 g4 23. Qh2 h5 24. Ng2 h4 25. Nxh4 O-O-O 26. Qg3 Rh5 27. c4 Bc6 28. c5 Rdh8 29. Ng2 Rh3 30. Qf2 Rxd3 31. Ne3 Rh3 32. Re1 Rf3 33. Qg1 Qh5 34. Nxd5 Bxd5 35. Re2 Rh3 36. Kc2 Rdf3 37. Qe1 Rh2 38. Qd2 Rxe2 39. Qxe2 Rh3 40. Qb5 Rh2+ 41. Kc3 Bc6 42. Qc4 Qh3+ 43. Kb4 Rxb2+ 44. Ka5 Qa3+ 45. Qa4 Qxa4# 0-1


[Site "https://www.chess.com"]

[Event "Titled Tuesday Blitz October 18 Late 2022"]
[White "Koziorowicz, Michal"]
[Black "Castellanos Gomez, Alejandro"]
[WhiteFideId "21809194"]
[BlackFideId "22284141"]
[WhiteElo "2220"]
[BlackElo "2168"]
[Result "1-0"]
[Round "06"]
[TimeControl "180+1"]
[Date "2022.10.18"]
[WhiteClock "0:00:05"]
[BlackClock "0:00:01"]

1. Nc3 e6 2. b3 d5 3. Bb2 Nf6 4. d3 b6 5. e3 c5 6. Nce2 Bb7 7. f4 Nc6 8. h3 Bd6 9. Nf3 Qc7 10. g3 e5 11. Bg2 O-O-O 12. O-O d4 13. fxe5 Nxe5 14. e4 Ng6 15. Qe1 Nh5 16. g4 Nhf4 17. Bc1 Nxg2 18. Kxg2 f6 19. Nh4 Rde8 20. Nf5 Be5 21. Neg3 Nf8 22. a4 g6 23. Nh4 Ne6 24. a5 b5 25. a6 Bc6 26. Ne2 Rhf8 27. Bh6 Rf7 28. Nf3 Bd6 29. b4 f5 30. bxc5 Bxc5 31. Ng3 f4 32. Ne2 g5 33. c3 dxc3 34. Qxc3 b4 35. Qc4 Qb6 36. Rfc1 Bb5 37. Qb3 Kb8 38. d4 Bxe2 39. dxc5 Bxf3+ 40. Qxf3 Nxc5 41. Bxg5 Rxe4 42. Re1 Qc6 43. Rac1 Re6 44. Qxc6 Rxc6 45. Re5 Rfc7 46. Bxf4 Nd3 47. Re8# 1-0


[Site "https://www.chess.com"]

[Event "Titled Tuesday Blitz October 18 Late 2022"]
[White "Leschinsky, Gary"]
[Black "Domingo Nunez, Ruben"]
[WhiteFideId "30951321"]
[BlackFideId "22245570"]
[WhiteElo "1855"]
[BlackElo "2406"]
[Result "1-0"]
[Round "06"]
[TimeControl "180+1"]
[Date "2022.10.19"]
[WhiteClock "0:01:02"]
[BlackClock "0:00:06"]

1. d4 g6 2. e4 Bg7 3. Nc3 c6 4. f4 d5 5. e5 f6 6. Nf3 Nh6 7. Be3 Bg4 8. Be2 O-O 9. Qd2 Nf5 10. Bf2 Bxf3 11. Bxf3 fxe5 12. fxe5 e6 13. h4 c5 14. dxc5 Nc6 15. g4 Nxe5 16. Be2 Bh6 17. g5 Bg7 18. O-O-O Rc8 19. h5 Nd6 20. Bd4 Ndc4 21. Bxc4 Nf3 22. Qg2 Bxd4 23. Nxd5 exd5 24. hxg6 hxg6 25. Rxd4 Nxd4 26. Bxd5+ Kg7 27. Rh7+ Kxh7 28. Qh3+ Kg7 29. Qh6# 1-0


[Site "https://www.chess.com"]

[Event "Titled Tuesday Blitz October 18 Late 2022"]
[White "Licznerski, Lukasz"]
[Black "Papasimakopoulos, Alexandros"]
[WhiteFideId "1179250"]
[BlackFideId "4244125"]
[WhiteElo "2403"]
[BlackElo "2357"]
[Result "0-1"]
[Round "06"]
[TimeControl "180+1"]
[Date "2022.10.18"]
[WhiteClock "0:00:01"]
[BlackClock "0:00:59"]

1. e4 e6 2. d4 d5 3. Nd2 Nf6 4. e5 Nfd7 5. Bd3 c5 6. c3 Nc6 7. Ne2 cxd4 8. cxd4 f6 9. Nf4 Nxd4 10. Qh5+ Ke7 11. Ng6+ hxg6 12. exf6+ Nxf6 13. Qxh8 Kf7 14. Qh4 e5 15. Nf3 Nxf3+ 16. gxf3 Bf5 17. Bxf5 gxf5 18. Bg5 Qa5+ 19. Kf1 g6 20. Bxf6 Qa6+ 21. Kg2 Qxf6 22. Qa4 Qc6 23. Qb3 Bh6 24. Rad1 Rd8 25. Rd3 Kg7 26. Rc3 Qd7 27. Qc2 Kf6 28. Rc7 Qb5 29. Rd1 Bf4 30. Rc5 Qd7 31. Rcxd5 Qxd5 32. Rxd5 Rxd5 33. Qb3 Rd7 34. h4 b6 35. Kf1 Rd6 36. Qa3 Rd7 37. Qf8+ Rf7 38. Qd6+ Kg7 39. b4 Rf6 40. Qd5 Rf7 41. b5 Re7 42. Qd6 Rf7 43. Ke2 Rf6 44. Qb8 Rf7 45. Qd8 Rf6 46. a4 Rf7 47. Kd3 Bh2 48. Kc4 Bg1 49. Kd5 Bxf2 50. Ke6 Bc5 51. Kxe5 Be7 52. Qd3 Bxh4 53. Kd6 Bg3+ 54. Kc6 Be5 0-1


[Site "https://www.chess.com"]

[Event "Titled Tuesday Blitz October 18 Late 2022"]
[White "Lima, Endson Dos Santos"]
[Black "Drost, Peter"]
[WhiteFideId "2133199"]
[BlackFideId "1017896"]
[WhiteElo "1953"]
[BlackElo "2398"]
[Result "1-0"]
[Round "06"]
[TimeControl "180+1"]
[Date "2022.10.19"]
[WhiteClock "0:01:17"]
[BlackClock "0:00:52"]

1. e4 c5 2. Nf3 d6 3. d4 cxd4 4. Nxd4 Nf6 5. Nc3 g6 6. Be3 Bg7 7. Bc4 O-O 8. f3 Nc6 9. Qd2 Nxd4 10. Bxd4 Be6 11. Bxe6 fxe6 12. O-O-O Qa5 13. Kb1 Rfc8 14. Bxf6 Bxf6 15. Nd5 Qxd2 16. Nxf6+ exf6 17. Rxd2 Rc6 18. Rhd1 Rd8 19. b3 Kf7 20. c4 b6 21. Kb2 Ke7 22. a4 a5 23. Rd4 Rc5 24. Kc3 f5 25. exf5 Rxf5 26. Re1 g5 27. h4 h6 28. hxg5 hxg5 29. Rde4 Rf6 30. Rh1 Rdf8 31. Rg4 Rf5 32. Rh6 R8f6 33. Rh7+ Rf7 34. Rh8 Rf8 35. Rh7+ R8f7 36. Rh5 Kf6 37. Rh6+ Kg7 38. Rxe6 d5 39. Rxb6 Rc7 40. Rb5 Kf6 41. Kd4 dxc4 42. bxc4 Rd7+ 43. Rd5 Rb7 44. Rxf5+ Kxf5 45. Re4 Rb4 46. Re5+ Kf4 47. Rxa5 Rb2 48. c5 Rxg2 49. c6 Rd2+ 50. Kc3 Rd1 51. Rc5 Rc1+ 52. Kb4 Rb1+ 53. Ka3 Rb8 54. c7 Rc8 55. Rc3 g4 56. fxg4 Kxg4 57. Kb4 Kf5 58. Kb5 Ke6 59. Kb6 Kd7 60. Kb7 1-0


[Site "https://www.chess.com"]

[Event "Titled Tuesday Blitz October 18 Late 2022"]
[White "Lizak, Peter"]
[Black "Paravyan, David"]
[WhiteFideId "731595"]
[BlackFideId "4194985"]
[WhiteElo "2420"]
[BlackElo "2555"]
[Result "0-1"]
[Round "06"]
[TimeControl "180+1"]
[Date "2022.10.18"]
[WhiteClock "0:00:02"]
[BlackClock "0:02:25"]

1. d4 Nf6 2. Nc3 d5 3. Bf4 g6 4. e3 Bg7 5. h4 h5 6. Nf3 O-O 7. Ne5 c5 8. Qd2 Nc6 9. f3 cxd4 10. exd4 Bf5 11. Nxc6 bxc6 12. Na4 Nd7 13. Be2 e5 14. dxe5 Nxe5 15. Nc5 Qb6 16. Nb3 Nc4 17. Bxc4 dxc4 18. Be3 Rfe8 19. Kf2 c5 20. Bxc5 Qc6 21. Qd6 Qxd6 22. Bxd6 cxb3 23. axb3 Bxb2 24. Ra2 Bd4+ 25. Kg3 Re2 26. Rd1 Bf2+ 27. Kh2 Bxh4 28. Bc5 Rxc2 29. Rxa7 Rxa7 30. Bxa7 Bf6 31. Bb8 Rb2 0-1


[Site "https://www.chess.com"]

[Event "Titled Tuesday Blitz October 18 Late 2022"]
[White "Madaminov, Mukhiddin"]
[Black "Ozen, Bahadir"]
[WhiteFideId "14210703"]
[BlackFideId "6337058"]
[WhiteElo "2341"]
[BlackElo "2503"]
[Result "0-1"]
[Round "06"]
[TimeControl "180+1"]
[Date "2022.10.18"]
[WhiteClock "0:00:03"]
[BlackClock "0:00:03"]

1. d4 g6 2. Nc3 Bg7 3. e4 c6 4. Bc4 d5 5. exd5 b5 6. Bb3 b4 7. Ne4 cxd5 8. Nc5 Nf6 9. Nf3 O-O 10. O-O Bg4 11. a3 Nc6 12. axb4 Bxf3 13. Qxf3 Nxd4 14. Qd3 Nxb3 15. Nxb3 Qc7 16. c3 e6 17. h3 Ne4 18. Be3 Nd6 19. Na5 Rfd8 20. Qa6 Nf5 21. Bc5 d4 22. Nc6 dxc3 23. bxc3 Rdc8 24. b5 Bxc3 25. Rac1 Bf6 26. Nxa7 Rcb8 27. b6 Qb7 28. Qb5 Qxa7 29. Rfd1 Qa6 30. Qb3 Rb7 31. Qf3 Kg7 32. g4 Nh4 33. Qe4 g5 34. Be3 Ng6 35. Rc6 Rab8 36. Kg2 Qe2 37. Rd2 Nf4+ 38. Kh2 Qf1 39. Bxf4 gxf4 40. Qxf4 Qb5 41. Rcd6 Be5 42. Kg2 Bxf4 0-1


[Site "https://www.chess.com"]

[Event "Titled Tuesday Blitz October 18 Late 2022"]
[White "Manukian, Artak"]
[Black "Rengifo Blancas, Renzo Jhonathan"]
[WhiteFideId "13301373"]
[BlackFideId "3807185"]
[WhiteElo "2469"]
[BlackElo "2058"]
[Result "1-0"]
[Round "06"]
[TimeControl "180+1"]
[Date "2022.10.19"]
[WhiteClock "0:01:17"]
[BlackClock "0:00:01"]

1. e4 e5 2. Nf3 Nc6 3. d4 exd4 4. Nxd4 Nf6 5. Nxc6 bxc6 6. e5 Qe7 7. Qe2 Nd5 8. c4 Ba6 9. b3 Nb6 10. g3 Qe6 11. Nc3 Bb4 12. Bb2 d5 13. exd6 cxd6 14. O-O-O O-O 15. f4 d5 16. Qxe6 fxe6 17. cxd5 Bxf1 18. Rhxf1 cxd5 19. Kb1 Rab8 20. Ne2 a5 21. Nd4 Rfe8 22. Nc6 Rbc8 23. Nxb4 axb4 24. Rd4 Nd7 25. Rxb4 Nc5 26. Rc1 g5 27. a4 gxf4 28. gxf4 Nd3 29. Rxc8 Rxc8 30. Rb7 Nxf4 31. a5 Nd3 32. a6 Nc5 33. Rg7+ Kf8 34. Rxh7 Ke8 35. a7 Nxb3 36. Rh8+ Kd7 37. Rxc8 Nd2+ 38. Kc2 1-0


[Site "https://www.chess.com"]

[Event "Titled Tuesday Blitz October 18 Late 2022"]
[White "Marcolino, Daniel Mattos"]
[Black "De Souza, Cristiano Gomes"]
[WhiteFideId "2106841"]
[BlackFideId "2151758"]
[WhiteElo "2056"]
[BlackElo "2068"]
[Result "1-0"]
[Round "06"]
[TimeControl "180+1"]
[Date "2022.10.19"]
[WhiteClock "0:00:38"]
[BlackClock "0:00:38"]

1. d4 Nf6 2. Nf3 g6 3. g3 Bg7 4. Bg2 O-O 5. O-O d5 6. c4 c6 7. b3 Nbd7 8. Bb2 Ne4 9. Nbd2 Ndf6 10. Nxe4 Nxe4 11. Nd2 Nxd2 12. Qxd2 Re8 13. Rfe1 e5 14. dxe5 Bxe5 15. Bxe5 Rxe5 16. cxd5 cxd5 17. e3 Rh5 18. Rac1 Bh3 19. Bxh3 Rxh3 20. Rc5 Rh5 21. Rd1 Rc8 22. Rxd5 Rxd5 23. Qxd5 Qxd5 24. Rxd5 Rc2 25. a4 Rc7 26. g4 Kf8 27. Kg2 Ke7 28. h4 Ke6 29. Rd8 Ke7 30. Rh8 Rc3 31. Rxh7 Rxb3 32. h5 Rb4 33. hxg6 Rxg4+ 34. Kf3 Rxg6 35. Rh4 a6 36. Rb4 b6 37. Ke4 Kd7 38. f4 Kc6 39. Rc4+ Kd7 40. Rd4+ Rd6 41. Rc4 Rc6 42. Rd4+ Kc7 43. f5 b5 44. axb5 axb5 45. Ke5 f6+ 46. Kd5 Rd6+ 47. Kc5 Rxd4 48. exd4 Kd7 49. Kxb5 Kd6 50. Kc4 Kc6 51. d5+ Kd6 52. Kd4 Kd7 53. Kc5 Kc7 54. d6+ Kd7 55. Kd5 Kd8 56. Ke6 Ke8 57. Kxf6 Kd7 58. Kg7 Kxd6 59. f6 1-0


[Site "https://www.chess.com"]

[Event "Titled Tuesday Blitz October 18 Late 2022"]
[White "Matinian, Nikita"]
[Black "Al Hosani, Omran"]
[WhiteFideId "24129100"]
[BlackFideId "9308733"]
[WhiteElo "2422"]
[BlackElo "2167"]
[Result "1-0"]
[Round "06"]
[TimeControl "180+1"]
[Date "2022.10.18"]
[WhiteClock "0:00:35"]
[BlackClock "0:00:06"]

1. e4 e5 2. Nf3 Nc6 3. Bb5 a6 4. Ba4 Nf6 5. O-O Be7 6. d3 b5 7. Bb3 O-O 8. a3 d6 9. Nc3 Be6 10. Nd5 Re8 11. h3 Na5 12. Ba2 c6 13. Nxe7+ Rxe7 14. b4 Nb7 15. Bg5 Bxa2 16. Bxf6 gxf6 17. Rxa2 d5 18. Nh4 Nd6 19. c4 bxc4 20. dxc4 Nxc4 21. Nf5 Kh8 22. Qg4 Qf8 23. Rd1 Re6 24. exd5 cxd5 25. Rxd5 Nb6 26. Rd3 Qg8 27. Qe4 Rc8 28. Rg3 Qf8 29. Rd2 Rc4 30. Qe3 Rf4 31. Nh6 Nc4 32. Qc5 Qe8 33. Rd8 Nd6 34. Qxd6 Rd4 35. Nxf7# 1-0


[Site "https://www.chess.com"]

[Event "Titled Tuesday Blitz October 18 Late 2022"]
[White "Melikhov, Evgeny V."]
[Black "Arkell, Keith C"]
[WhiteFideId "4122046"]
[BlackFideId "400270"]
[WhiteElo "2169"]
[BlackElo "2336"]
[Result "1-0"]
[Round "06"]
[TimeControl "180+1"]
[Date "2022.10.19"]
[WhiteClock "0:01:08"]
[BlackClock "0:02:10"]

1. d4 e6 2. c4 Bb4+ 3. Nc3 c5 4. dxc5 Bxc3+ 5. bxc3 f5 6. g3 Nf6 7. Bg2 Qa5 8. Qb3 Na6 9. Be3 Nxc5 10. Qb4 Qxb4 11. cxb4 Na6 12. a3 d6 13. Nh3 Nc7 14. O-O Ke7 15. Rfd1 Rd8 16. Nf4 e5 17. Nd5+ Ncxd5 18. cxd5 Bd7 19. Rdc1 Rdc8 20. Rxc8 Bxc8 21. Rc1 a5 22. b5 Ne8 23. Bb6 Bd7 24. a4 e4 25. f3 Nf6 26. fxe4 fxe4 27. Rc7 Nxd5 28. Rxb7 Nxb6 29. Rxb6 Be6 30. Bxe4 Bb3 31. Bxa8 1-0


[Site "https://www.chess.com"]

[Event "Titled Tuesday Blitz October 18 Late 2022"]
[White "Melikyan, Gnel"]
[Black "Golubev, Mikhail"]
[WhiteFideId "54109990"]
[BlackFideId "14100983"]
[WhiteElo "2138"]
[BlackElo "2374"]
[Result "1/2-1/2"]
[Round "06"]
[TimeControl "180+1"]
[Date "2022.10.19"]
[WhiteClock "0:00:16"]
[BlackClock "0:00:08"]

1. e4 c5 2. Nf3 d6 3. d4 cxd4 4. Nxd4 Nf6 5. Nc3 g6 6. Be3 Bg7 7. f3 O-O 8. Qd2 Nc6 9. g4 h5 10. g5 Nd7 11. O-O-O Nb6 12. f4 Bg4 13. Re1 Rc8 14. h3 Be6 15. f5 Nxd4 16. Bxd4 Bxd4 17. Qxd4 gxf5 18. Be2 Qc7 19. Bxh5 Qc5 20. Qxc5 Rxc5 21. exf5 Rxf5 22. Bg4 Rxg5 23. Bxe6 fxe6 24. Rxe6 Rf7 25. h4 Rgf5 26. b3 Rf1+ 27. Rxf1 Rxf1+ 28. Kb2 Kf7 29. Rh6 Rh1 30. Rh7+ Ke8 31. a4 a5 32. Rh5 Kd7 33. Ne4 Rh2 34. Ng3 e6 35. Ne4 Nd5 36. Rh7+ Kc6 37. Rh6 Nb4 38. Rxe6 Rxc2+ 39. Kb1 Kd5 40. Re7 Rh2 41. Nf6+ Kd4 42. h5 Kc3 43. Re3+ Nd3 44. Rf3 Rh1+ 45. Ka2 Kc2 46. Nd5 Rxh5 47. Rxd3 Kxd3 48. Nf4+ Kc2 49. Nxh5 d5 50. Nf4 d4 51. Ng2 d3 52. Ne3+ Kc3 53. Nd1+ Kc2 54. Ne3+ Kc3 55. Nd1+ Kc2 56. Nb2 d2 57. Ka3 d1=Q 58. Nxd1 Kxd1 59. b4 Kc2 60. bxa5 Kc3 61. a6 bxa6 62. a5 Kc4 63. Ka4 Kc5 64. Kb3 Kb5 65. Ka3 Kxa5 66. Kb3 Kb5 67. Ka3 a5 68. Kb3 a4+ 69. Ka3 Kc4 70. Kxa4 1/2-1/2


[Site "https://www.chess.com"]

[Event "Titled Tuesday Blitz October 18 Late 2022"]
[White "Mickiewicz, Piotr"]
[Black "Sivakumar, Shaaketh"]
[WhiteFideId "1114891"]
[BlackFideId "30940176"]
[WhiteElo "2246"]
[BlackElo "2174"]
[Result "1-0"]
[Round "06"]
[TimeControl "180+1"]
[Date "2022.10.19"]
[WhiteClock "0:01:05"]
[BlackClock "0:01:45"]

1. Nf3 e6 2. g3 b6 3. Bg2 Bb7 4. O-O f5 5. c4 Nf6 6. b3 g6 7. Bb2 Bg7 8. Qc2 O-O 9. d3 d6 10. Nbd2 Qe7 11. e4 f4 12. e5 dxe5 13. Nxe5 Bxg2 14. Kxg2 Nbd7 15. Ndf3 Nxe5 16. Nxe5 Nd7 17. Rfe1 f3+ 18. Nxf3 Qf7 19. Ng5 Qf5 20. Bxg7 Kxg7 21. Nxe6+ Kg8 22. Nxf8 Rxf8 23. Qe2 Ne5 24. Qxe5 Qf3+ 25. Kh3 Rf5 26. Qe6+ Kg7 27. Re4 g5 28. Qe7+ Rf7 29. Qxg5+ Kf8 30. Qh6+ Rg7 31. Rf4+ 1-0


[Site "https://www.chess.com"]

[Event "Titled Tuesday Blitz October 18 Late 2022"]
[White "Mikhailov, Viacheslav"]
[Black "Maksimovic, Bojan"]
[WhiteFideId "4187369"]
[BlackFideId "14408120"]
[WhiteElo "2381"]
[BlackElo "2447"]
[Result "0-1"]
[Round "06"]
[TimeControl "180+1"]
[Date "2022.10.18"]
[WhiteClock "0:00:11"]
[BlackClock "0:00:21"]

1. Nf3 Nf6 2. g3 g6 3. Bg2 Bg7 4. O-O O-O 5. c4 d6 6. Nc3 Nc6 7. d3 e5 8. Bg5 h6 9. Bxf6 Bxf6 10. Rc1 Bg7 11. Nd2 f5 12. Nd5 a5 13. a3 e4 14. b4 axb4 15. axb4 exd3 16. exd3 Nd4 17. Nb3 c6 18. Nf4 g5 19. Nxd4 Bxd4 20. Ne2 Bg7 21. b5 f4 22. Nc3 Ra3 23. Nb1 Ra2 24. bxc6 bxc6 25. Bxc6 Qb6 26. Bd5+ Kh8 27. c5 Qb2 28. Bxa2 Qxa2 29. cxd6 fxg3 30. hxg3 Bh3 31. Nc3 Bxc3 32. Rxc3 Qd5 33. f3 Qd4+ 34. Kh2 Bxf1 35. Qc2 Rxf3 36. Rc8+ Kh7 37. Kh1 Bxd3 38. Rc7+ Kg6 39. Qc6 Rf1+ 40. Kh2 Qf2+ 41. Kh3 Bf5+ 42. g4 Bxg4+ 43. Kxg4 Qh4# 0-1


[Site "https://www.chess.com"]

[Event "Titled Tuesday Blitz October 18 Late 2022"]
[White "Moaataz, Ayah"]
[Black "Sailer, Mike"]
[WhiteFideId "10615873"]
[BlackFideId "2012901"]
[WhiteElo "1993"]
[BlackElo "2109"]
[Result "0-1"]
[Round "06"]
[TimeControl "180+1"]
[Date "2022.10.19"]
[WhiteClock "0:00:13"]
[BlackClock "0:00:07"]

1. g3 d5 2. Bg2 Nf6 3. d4 Bf5 4. Nf3 e6 5. c4 c6 6. O-O Be7 7. Nc3 O-O 8. Ne5 Nbd7 9. cxd5 exd5 10. Bf4 Nxe5 11. Bxe5 Bd6 12. Qb3 Rb8 13. Rad1 Re8 14. Bxf6 Qxf6 15. e3 h5 16. h4 Bg4 17. Rd2 Bf3 18. Bxf3 Qxf3 19. Qd1 Qf5 20. Kg2 Re6 21. Qf3 Qg6 22. Na4 Rf6 23. Qe2 Re8 24. Qd3 Qg4 25. Qe2 Qe4+ 26. Kg1 Rg6 27. Qxh5 Bxg3 28. fxg3 Qxe3+ 29. Kh1 Qxd2 30. Nc3 Qxd4 31. Ne2 Qe4+ 32. Qf3 Qxf3+ 33. Rxf3 Rxe2 0-1


[Site "https://www.chess.com"]

[Event "Titled Tuesday Blitz October 18 Late 2022"]
[White "Mohammadian, Mohammad"]
[Black "Antonio, Jorge Carlos"]
[WhiteFideId "12566055"]
[BlackFideId "113190"]
[WhiteElo "1489"]
[BlackElo "2247"]
[Result "0-1"]
[Round "06"]
[TimeControl "180+1"]
[Date "2022.10.19"]
[WhiteClock "0:01:50"]
[BlackClock "0:01:09"]

1. e4 c5 2. Nf3 e6 3. d4 cxd4 4. Nxd4 a6 5. Nc3 Nc6 6. Be3 Bb4 7. a3 Bxc3+ 8. bxc3 Nf6 9. Bd3 O-O 10. O-O d5 11. exd5 exd5 12. f3 Ne5 13. Qe2 Be6 14. Qf2 Rc8 15. Bd2 Nc4 16. Bxc4 Rxc4 17. Rab1 b5 18. Rb4 Qc7 19. Qe2 Re8 20. Rxc4 dxc4 21. Qd1 Bd7 22. Re1 Rxe1+ 23. Qxe1 Qd6 24. Qe3 Qxa3 25. Qe7 Qxe7 26. Kf2 Nd5 0-1


[Site "https://www.chess.com"]

[Event "Titled Tuesday Blitz October 18 Late 2022"]
[White "Mortazavi, Ali"]
[Black "Wieczorek, Oskar"]
[WhiteFideId "401323"]
[BlackFideId "1133950"]
[WhiteElo "2339"]
[BlackElo "2404"]
[Result "1-0"]
[Round "06"]
[TimeControl "180+1"]
[Date "2022.10.18"]
[WhiteClock "0:00:08"]
[BlackClock "0:00:02"]

1. e4 c5 2. Nc3 e6 3. Nf3 d6 4. g3 Nc6 5. Bg2 g5 6. h3 Bg7 7. d3 h6 8. Be3 Nd4 9. Rb1 Ne7 10. O-O Nec6 11. Nd2 h5 12. f4 h4 13. gxh4 gxf4 14. Bxf4 Qxh4 15. Nc4 e5 16. Nxd6+ Ke7 17. Nxc8+ Raxc8 18. Nd5+ Kd6 19. Bh2 Rcg8 20. Qg4 Qxg4 21. hxg4 Ne2+ 22. Kh1 Rh4 23. Bf3 Ng3+ 24. Kg2 Nxf1 25. Rxf1 Nd4 26. Bd1 Ke6 27. Bg3 Rh6 28. c3 Nc6 29. g5 Rg6 30. Bg4+ Kd6 31. Rxf7 c4 32. Rd7+ Kc5 33. Bf2+ Kb5 34. Rxb7+ Ka6 35. Rc7 cxd3 36. b4 Bf8 37. a4 Rxg5 38. Rxc6+ Kb7 39. Rc7+ Ka8 40. Rc8+ Kb7 41. Rc7+ Ka8 42. Nf6 Rxg4+ 43. Nxg4 Rxg4+ 44. Kf3 Rf4+ 45. Ke3 Bh6 46. Kxd3 Rxf2 47. Rh7 Bf4 48. Kc4 Rd2 49. Kb5 Rd6 50. c4 a6+ 51. Kc5 Rd4 52. b5 axb5 53. axb5 Be3 54. Kb4 Kb8 55. Re7 Rxe4 56. Re8+ Kc7 57. Re6 Kd7 58. Rg6 Bd4 59. c5 Bf2+ 60. Ka5 Bxc5 61. Rg7+ Be7 62. b6 Re1 63. b7 Rb1 64. Ka6 Ke6 65. Rg6+ Kf7 66. Rb6 Ra1+ 67. Kb5 Bd6 68. Rxd6 Rb1+ 69. Kc6 Ke7 70. Rd7+ Ke8 71. Rd5 Ke7 72. Kc7 Rc1+ 73. Kb6 Rb1+ 74. Rb5 Rxb5+ 75. Kxb5 1-0


[Site "https://www.chess.com"]

[Event "Titled Tuesday Blitz October 18 Late 2022"]
[White "Naroditsky, Daniel"]
[Black "Priasmoro, Novendra"]
[WhiteFideId "2026961"]
[BlackFideId "7105029"]
[WhiteElo "2628"]
[BlackElo "2412"]
[Result "1-0"]
[Round "06"]
[TimeControl "180+1"]
[Date "2022.10.18"]
[WhiteClock "0:00:55"]
[BlackClock "0:01:24"]

1. e4 e5 2. Nf3 Nc6 3. Bb5 a6 4. Ba4 Nf6 5. O-O Nxe4 6. Re1 Nc5 7. Bxc6 dxc6 8. d4 Ne6 9. Nxe5 Be7 10. c3 O-O 11. Be3 Bg5 12. Nd2 Nf4 13. Qf3 Ng6 14. Ndc4 Be6 15. Bxg5 Qxg5 16. Qg3 Qf6 17. Nxg6 hxg6 18. Ne5 Rfe8 19. Re3 Rad8 20. Rae1 Bxa2 21. Nd7 1-0


[Site "https://www.chess.com"]

[Event "Titled Tuesday Blitz October 18 Late 2022"]
[White "Noboa Silva, Kevin"]
[Black "Kravtsiv, Martyn"]
[WhiteFideId "3618471"]
[BlackFideId "14113147"]
[WhiteElo "2178"]
[BlackElo "2694"]
[Result "0-1"]
[Round "06"]
[TimeControl "180+1"]
[Date "2022.10.18"]
[WhiteClock "0:00:04"]
[BlackClock "0:00:55"]

1. d4 b6 2. e4 Bb7 3. Nd2 e6 4. Bd3 c5 5. c3 Nf6 6. Ne2 d6 7. O-O Be7 8. f4 O-O 9. Qe1 cxd4 10. cxd4 e5 11. d5 Nfd7 12. f5 Nc5 13. Bc2 a5 14. Nc3 Ba6 15. Rf3 b5 16. Rh3 b4 17. Na4 Nbd7 18. Nxc5 Nxc5 19. Qg3 Rc8 20. Nf3 Nd7 21. Ba4 Qb6+ 22. Kh1 Nf6 23. Bh6 g6 24. Bxf8 Bxf8 25. fxg6 hxg6 26. Ng5 Bg7 27. Qe1 Qd4 28. Bc6 Qxb2 29. Rf3 Rc7 30. Rb3 Qd4 31. Rd1 Qb6 32. Rf3 Bc4 33. Qh4 Be2 34. Rdf1 Bxf1 35. Rxf1 Rxc6 36. dxc6 Qxc6 37. h3 Qc4 38. Rf2 a4 39. Kh2 b3 40. axb3 axb3 41. Rd2 Bf8 42. Qf2 Nxe4 43. Nxe4 Qxe4 44. Rb2 Qd5 45. Qe3 e4 46. Rxb3 Bg7 47. g3 Be5 48. h4 Qc4 49. Kh3 Qf1+ 50. Kg4 Qf5# 0-1


[Site "https://www.chess.com"]

[Event "Titled Tuesday Blitz October 18 Late 2022"]
[White "O`Gorman, Tom"]
[Black "Almedina Ortiz, Edgardo J."]
[WhiteFideId "2508249"]
[BlackFideId "3100197"]
[WhiteElo "2271"]
[BlackElo "2217"]
[Result "1-0"]
[Round "06"]
[TimeControl "180+1"]
[Date "2022.10.19"]
[WhiteClock "0:01:05"]
[BlackClock "0:00:02"]

1. e4 e5 2. Nf3 Nc6 3. Bb5 a6 4. Ba4 Nf6 5. O-O Be7 6. Re1 b5 7. Bb3 d6 8. c3 O-O 9. h3 Na5 10. Bc2 c5 11. d4 Qc7 12. d5 Nd7 13. Nbd2 c4 14. Nf1 Nb6 15. Ng3 g6 16. Bh6 Rd8 17. Qd2 Nb7 18. h4 Nc5 19. h5 a5 20. Ng5 f6 21. Nf3 g5 22. Nh2 Bd7 23. f3 Rdb8 24. Ng4 Qd8 25. Ne3 Qe8 26. Nef5 b4 27. Bg7 b3 28. Bb1 bxa2 29. Bxa2 Nb3 30. Bxb3 cxb3 31. h6 a4 32. Nxe7+ Qxe7 33. Nh5 f5 34. Nf6+ Kf7 35. Qxg5 Qd8 36. Qh5+ Ke7 37. Nxh7 Qg8 38. Bf6# 1-0


[Site "https://www.chess.com"]

[Event "Titled Tuesday Blitz October 18 Late 2022"]
[White "Omariev, Maksim"]
[Black "Bulgurlu, Okan"]
[WhiteFideId "4193423"]
[BlackFideId "6352316"]
[WhiteElo "2426"]
[BlackElo "2177"]
[Result "0-1"]
[Round "06"]
[TimeControl "180+1"]
[Date "2022.10.19"]
[WhiteClock "0:00:07"]
[BlackClock "0:00:55"]

1. g4 c6 2. Bg2 g6 3. d4 Bg7 4. c3 d5 5. g5 h6 6. h4 hxg5 7. hxg5 Rxh1 8. Bxh1 e5 9. dxe5 Bxe5 10. Nf3 Bg7 11. Bf4 Nd7 12. Nbd2 Qb6 13. Qc2 Nc5 14. Nd4 Bxd4 15. cxd4 Ne6 16. Be3 Bd7 17. O-O-O Nxd4 18. Qd3 Qc5+ 19. Kb1 Bf5 20. Ne4 dxe4 21. Qxd4 Qxd4 22. Rxd4 Rd8 23. Ra4 Rd1+ 24. Kc2 Rxh1 25. Rxa7 Bc8 26. Ra4 Rh4 27. f4 Ne7 28. Kd2 Bf5 29. Ra7 b5 30. Bc5 Nd5 31. e3 Rh2+ 32. Kc1 Re2 33. Ra8+ Kd7 34. Ra7+ Kc8 35. Rxf7 Nxe3 36. b4 Rc2+ 37. Kb1 Re2 38. Rf6 Nd5 39. Rxc6+ Kb7 40. Rd6 e3+ 41. Kc1 Rc2+ 42. Kd1 Nc3+ 43. Ke1 Rc1+ 44. Rd1 Rxd1# 0-1


[Site "https://www.chess.com"]

[Event "Titled Tuesday Blitz October 18 Late 2022"]
[White "Ovezdurdyyeva, Jemal"]
[Black "Baskakov, Egor"]
[WhiteFideId "14001888"]
[BlackFideId "24197866"]
[WhiteElo "1961"]
[BlackElo "2211"]
[Result "0-1"]
[Round "06"]
[TimeControl "180+1"]
[Date "2022.10.18"]
[WhiteClock "0:00:01"]
[BlackClock "0:00:23"]

1. e4 c5 2. Nf3 Nf6 3. e5 Nd5 4. c3 Nc6 5. d4 cxd4 6. cxd4 g6 7. Nc3 Nxc3 8. bxc3 Bg7 9. Bc4 O-O 10. O-O d6 11. exd6 Qxd6 12. a4 Rd8 13. Ng5 e6 14. Qf3 Qc7 15. Ne4 h6 16. Ba2 b6 17. Bf4 e5 18. Bg3 Bb7 19. d5 Na5 20. Rfd1 Nc4 21. Nf6+ Kh8 22. Ng4 f5 23. Bxc4 Qxc4 24. Nxe5 Bxe5 25. Bxe5+ Kh7 26. Bf6 Rxd5 27. Qe3 Qc7 28. Rxd5 Bxd5 29. Rd1 Bf7 30. Be5 Qc6 31. Rd6 Qxa4 32. h4 Qxh4 33. Rd7 Kg8 34. Bg3 Qg5 35. Qd4 Re8 36. Bh4 Qc1+ 37. Kh2 Qe1 38. Rd8 g5 39. Bg3 f4 40. Bxf4 gxf4 41. Rxe8+ Qxe8 42. Qxf4 Kh7 43. Qf5+ Bg6 44. Qf6 Qf7 45. Qd6 Qxf2 46. Qc7+ Qf7 47. Qe5 Qb7 0-1


[Site "https://www.chess.com"]